 Dungeon Crawl Stone Soup version 0.31-a0-1082-g7d1fb776a8 (webtiles) character file.

Game seed: 7657465702703274063

68 Flugslaktarn the Changeling (level 4, -2/28 HPs)
             Began as an Octopode Shapeshifter on Nov 28, 2023.
             Slain by a gnoll
             ... wielding a +0 spear
              (9 damage)
             ... on level 2 of the Dungeon.
             The game lasted 00:00:28 (933 turns).

Flugslaktarn the Changeling (Octopode Shapeshifter)  Turns: 933, Time: 00:00:29

Health: -2/28      AC:  1    Str: 13    XL:     4   Next: 19%
Magic:  4/4        EV: 13    Int: 12    God:
Gold:   25         SH:  0    Dex: 13    Spells: 3/3 levels left

rFire   . .          .
                       - Unarmed
rCold   . . .        (no shield)
rNeg    . . .        (helmet currently unavailable)
rPois   .            (no amulet)
rElec   .            (no ring)
rCorr   .            (no ring)
SInv    .            (no ring)
Will    .....        (no ring)
Stlth   ++           (no ring)
HPRegen 0.24/turn    (no ring)
MPRegen 0.09/turn    (no ring)
                     (no ring)

%: no passive effects
@: beast-form
A: beast (slay +2), almost no armour, amphibious, 8 rings, camouflage 1,
gelatinous body 1, (nimble swimmer 1), tentacles
a: Begin Untransformation


You were on level 2 of the Dungeon.
You were a hulking beast.
You visited 1 branch of the dungeon, and saw 2 of its levels.

You collected 25 gold pieces.

Inventory:

Talismans
 b - a beast talisman
 c - a flux talisman
Scrolls
 d - a scroll of summoning {unknown}
 f - a scroll of blinking {unknown}
 g - a scroll of teleportation {unknown}
 h - 2 scrolls of identify {unknown}
 i - a scroll of fog {unknown}
 k - a scroll of poison {unknown}
Potions
 a - 2 potions of lignification
 e - a potion of invisibility {unknown}
 j - a potion of resistance {unknown}
 l - a potion of cancellation {unknown}


   Skills:
 - Level 1.0 Fighting
 - Level 2.0 Dodging
 - Level 3.0 Unarmed Combat
 + Level 4.6 Shapeshifting


You had 3 spell levels left.
You didn't know any spells.
Your spell library was empty.

Dungeon Overview and Level Annotations

Branches:
Dungeon (2/15)

Altars:


Innate Abilities, Weirdness & Mutations

You are a hulking beast.
Your limbs bulge with bestial killing power. (Slay +2)
You cannot wear most types of armour.
You are amphibious.
You can wear up to eight rings at the same time.
Your skin changes colour to match your surroundings (Stealth+).
Your rubbery body absorbs attacks. (AC +1, EV +1)
((You are camouflaged when in or above water. (Stealth+)))
You have tentacles for arms and can constrict up to eight enemies at once.


Message History

l - a blue potion No target in view!
An endoplasm comes into view.
You see here 6 gold pieces.
An endoplasm is nearby!
The endoplasm quivers.
The endoplasm closely misses you.
You tentacle-slap the endoplasm.
You kill the endoplasm!
No target in view!
No target in view!
No target in view!
No target in view!
You now have 25 gold pieces (gained 6).
A kobold comes into view. It is wielding a +0 dagger.
The kobold moves out of view.
A kobold is nearby!
A kobold is nearby!
An endoplasm comes into view.
The kobold shouts!
A gnoll comes into view. It is wielding a +0 flail.
An adder comes into view.
The endoplasm quivers.
The gnoll shouts!
You tentacle-slap the endoplasm.
The endoplasm is heavily wounded.
You hear a shout! x2
A hobgoblin comes into view.
The endoplasm barely misses you. The kobold hits you but does no damage.
The hobgoblin shouts!
You tentacle-slap the endoplasm.
You kill the endoplasm!
The kobold hits you with a +0 dagger.
You closely miss the kobold. You grab the kobold. You squeeze the kobold.
You kill the kobold!
A gnoll comes into view. It is wielding a +0 spear.
You tentacle-slap the gnoll. You grab the gnoll.
The gnoll is lightly wounded.
You constrict the gnoll. The gnoll closely misses you.
The adder bites you but does no damage.
You tentacle-slap the gnoll. You squeeze the gnoll.
The gnoll is severely wounded.
You constrict the gnoll. The adder closely misses you.
The gnoll hits you with a +0 flail!
You are too injured to fight recklessly!
You are too injured to fight recklessly!
You release your grip on the gnoll.
The adder attacks as it pursues you! The adder bites you but does no damage.
An adder comes into view.
The adder attacks as it pursues you! The adder barely misses you.
The adder bites you. The adder barely misses you.
You barely miss the adder. Your grab misses the adder. You squeeze the adder!
The adder is almost dead.
The adder bites you.
You tentacle-slap the adder.
You kill the adder!
A gnoll comes into view. It is wielding a +0 spear.
You have reached level 4!
You barely miss the gnoll. Your grab misses the gnoll.
The gnoll is severely wounded.
The gnoll hits you with a +0 flail!
* * * LOW HITPOINT WARNING * * *
The gnoll attacks as it pursues you! The gnoll misses you.
You see here a bat corpse.
You tentacle-slap the gnoll. You grab the gnoll. You squeeze the gnoll.
You kill the gnoll!
There is a stone staircase leading up here.
You climb upwards.
There is a stone staircase leading down here.
You start resting.
HP restored.
You climb downwards.
The hobgoblin closely misses you.
The gnoll hits you from afar with a +0 spear.
The gnoll misses you. The hobgoblin barely misses you.
There is a stone staircase leading up here.
You barely miss the hobgoblin. You grab the hobgoblin.
You constrict the hobgoblin, but do no damage.
The hobgoblin barely misses you. The gnoll closely misses you.
You tentacle-slap the hobgoblin. You squeeze the hobgoblin.
You kill the hobgoblin!
The gnoll misses you. The gnoll barely misses you.
You barely miss the gnoll. You grab the gnoll.
You constrict the gnoll, but do no damage.
The gnoll hits you with a +0 spear. The gnoll closely misses you.
You tentacle-slap the gnoll.
The gnoll is moderately wounded.
You constrict the gnoll. The gnoll hits you with a +0 spear!
The gnoll hits you from afar with a +0 spear.
You are too injured to fight recklessly!
You tentacle-slap the gnoll.
The gnoll is severely wounded.
You constrict the gnoll. The gnoll hits you with a +0 spear.
* * * LOW HITPOINT WARNING * * *
The gnoll closely misses you.
You are too injured to fight recklessly!
You tentacle-slap the gnoll. You squeeze the gnoll.
You kill the gnoll!
The gnoll hits you from afar with a +0 spear!
You die...

#.#........# ##.#....[...#
#..#######..###
#..######.....#
.#####..##........<#
...........#......†#
.#####†###........## .
#<##..........#
#..........##h##..........#
#..........##)##..........#
#..........##g##..........#
##.S........##.##..........#
..........................##
#..........##..#..........#
#.....)....##.............#
.#....g.....##S##..........#
..###...######.##..........#


You could see a gnoll and an adder (wandering).

Vanquished Creatures
  Jessica (D:2)
  2 gnolls (D:2)
  An adder (D:2)
  A ball python (D:1)
  3 bats
  4 endoplasms
  A giant cockroach (D:1)
  4 hobgoblins
  2 kobolds
  A frilled lizard (D:1)
  3 goblins (D:1)
  A rat (D:1)
24 creatures vanquished.

Notes
Turn   | Place    | Note
-------+----------+-------------------------------------------
     0 | D:1      | Flugslaktarn the Octopode Shapeshifter began the quest for
                  | the Orb.
     0 | D:1      | Reached XP level 1. HP: 13/13 MP: 1/1
   194 | D:1      | Reached XP level 2. HP: 18/18 MP: 2/2
   693 | D:2      | Noticed Jessica
   700 | D:2      | Killed Jessica
   701 | D:2      | Reached skill level 4 in Shapeshifting
   701 | D:2      | Reached XP level 3. HP: 11/23 MP: 3/3
   822 | D:2      | Reached XP level 4. HP: 10/28 MP: 4/4
   933 | D:2      | Slain by a gnoll

Illustrated notes

Levels and vault maps discovered:
D:1:      tarquinn_simple_flora_water_e, layout_loops_ring
D:2:      cheibrodos_old_hovel, layout_rooms, basic_ecumenical_altar,
          serial_park_tiny_1, uniq_jessica

Skill      XL: |  1  2 |
---------------+-------+-----
Shapeshifting  | 4 |  4.6
Fighting       | |  1.0
Dodging        | |  2.0
Unarmed Combat | |  3.0

Action                     |  1- 3 |  4- 6 || total
---------------------------+-------+-------++-------
  Melee: Unarmed           |    38 |     8 ||    46
         Constrict         |     9 |     3 ||    12
         Tentacles         |     6 |     3 ||     9
   Stab: Sleeping          |     5 |       ||     5
 Armour: Skin              |    23 |     7 ||    30
  Dodge: Dodged            |    18 |    10 ||    28

Table legend: (Time is in decaauts)
 A = Elapsed time spent in this place.
 B = Non-inter-level travel time spent in this place.
 C = Inter-level travel time spent in this place.
 D = Time resting spent in this place.
 E = Time spent auto-exploring this place.
 F = Levels seen in this place.
 G = Mean time per level.
                   A        B        C        D        E       F      G
               +--------+--------+--------+--------+--------+-----+--------+
         Total |    932 |    916 |     16 |    131 |    625 |   2 |  466.0 |
       Dungeon |    932 |    916 |     16 |    131 |    625 |   2 |  466.0 |
               +--------+--------+--------+--------+--------+-----+--------+

Top non-repeatable levels by time:
     D:1: 813 daAuts
     D:2: 118 daAuts
